 Dungeon Crawl Stone Soup version 0.25.1-2-g60ff931df9 (webtiles) character file.

Game seed: 11863093880509501831

198686 pokeman the Sorcerer (level 17, -1/96 HPs)
             Began as a Deep Elf Wizard on Oct 19, 2020.
             Was the Champion of Vehumet.
             Slain by a +3 dire flail of holy wrath (16 damage)
             ... on level 2 of the Orcish Mines on Oct 21, 2020.
             The game lasted 02:46:18 (44498 turns).

pokeman the Sorcerer (Deep Elf Wizard)             Turns: 44498, Time: 02:46:19

Health: -1/96      AC: 13    Str:  4    XL:     17   Next: 82%
Magic:  44/50      EV: 12    Int: 31    God:    Vehumet [******]
Gold:   6366       SH: 12    Dex: 13    Spells: 11/61 levels left

rFire    . . .     SeeInvis .   Z - +8 autumn katana {vorpal, Clar}
rCold    . . .     Gourm    .   r - +2 buckler
rNeg     . . .     Faith    .   u - +0 troll leather armour
rPois    .         Spirit   .   l - +0 helmet
rElec    .         Reflect  +   O - +2 cloak {rCorr}
rCorr    +         Harm     .   M - +1 pair of gloves
MR       +....     Clarity  +   o - +0 pair of boots
Stlth    ++........             w - amulet of reflection
HPRegen  0.66/turn              V - ring of wizardry
MPRegen  0.32/turn              G - ring of wizardry

@: no status effects
A: high mp 1
}: 1/15 runes: decaying
a: Renounce Religion


You were on level 2 of the Orcish Mines.
You worshipped Vehumet.
Vehumet was exalted by your worship.
You were near starving.

You visited 6 branches of the dungeon, and saw 29 of its levels.
You also visited: Sewer and Ice Cave.

You collected 6386 gold pieces.
You spent 20 gold pieces at shops.

Inventory:

Hand Weapons
 Q - the +9 shortbow of Chance {flame, rElec Str+4 Int+7 Stlth-}
   (You found it in an ice cave)

   It causes projectiles fired from it to burn those they strike, causing extra
   injury to most foes and up to half again as much damage against particularly
   susceptible opponents.
   It affects your strength (+4).
   It affects your intelligence (+7).
   It insulates you from electricity.
   It makes you less stealthy.
 Z - the +8 autumn katana (weapon) {vorpal, Clar}
   (You took it off an orc wizard on level 14 of the Dungeon)

   It inflicts extra damage upon your enemies.
   It protects you against confusion.
Missiles
 f - 214 arrows
Armour
 k - the +10 tower shield of Ignorance {rN+ Int-4}
   (You found it on level 14 of the Dungeon)

   It affects your intelligence (-4).
   It protects you from negative energy.
 l - a +0 helmet (worn)
 o - a +0 pair of boots (worn)
 r - a +2 buckler (worn)
 u - a +0 troll leather armour (worn)
 I - a scarf of invisibility
 M - a +1 pair of gloves (worn)
 O - a +2 cloak of preservation (worn)
Jewellery
 q - an uncursed ring of flight
 v - an uncursed ring of see invisible
 w - an amulet of reflection (around neck)
 G - a ring of wizardry (right hand)
 V - a ring of wizardry (left hand)
Wands
 J - a wand of acid (24)
 Y - a wand of digging (12)
Scrolls
 n - 4 scrolls of identify
 p - 3 scrolls of magic mapping
 s - 20 scrolls of remove curse
 x - 13 scrolls of teleportation
 y - 3 scrolls of blinking
Potions
 b - 5 potions of heal wounds
 c - 3 potions of resistance
 h - 2 potions of magic
 j - 22 potions of curing
Miscellaneous
 m - a box of beasts
 R - 3 phantom mirrors
Comestibles
 d - 55 rations


   Skills:
 - Level 7.0 Fighting
 + Level 6.8 Armour
 - Level 3.0 Dodging
 - Level 3.0 Stealth
 - Level 6.0 Shields
 * Level 22.6 Spellcasting
 * Level 19.3 Conjurations
 - Level 1.1 Charms
 - Level 1.1 Summonings
 - Level 1.1 Translocations
 + Level 14.1 Fire Magic
 - Level 1.1 Ice Magic
 - Level 1.1 Air Magic
 - Level 1.3 Earth Magic
 - Level 1.0 Poison Magic
 - Level 1.0 Evocations


You had 11 spell levels left.
You knew the following spells:

 Your Spells              Type           Power        Failure   Level  Hunger
a - Magic Dart            Conj           ####         0%          1    None
b - Mephitic Cloud        Conj/Pois/Air  ######..     1%          3    None
c - Call Imp              Summ           #####...     1%          2    None
d - Blink                 Tloc           N/A          1%          2    None
e - Conjure Flame         Conj/Fire      #######.     0%          3    None
f - Fireball              Conj/Fire      #######...   1%          5    None
g - Orb of Destruction    Conj           ########..   1%          7    None
h - Freezing Cloud        Conj/Ice/Air   ######....   1%          6    None
i - Swiftness             Chrm/Air       #####...     1%          2    None
j - Stone Arrow           Conj/Erth      ######       1%          3    None
k - Shock                 Conj/Air       ####         0%          1    None
l - Starburst             Conj/Fire      #######...   1%          6    None
m - Fire Storm            Conj/Fire      #######...   16%         9    #####..

Your spell library contained the following spells:

 Spells                   Type           Power        Failure   Level  Hunger
 Absolute Zero            Ice            #####.....   100%        9    #####..
 Shatter                  Erth           #####.....   100%        9    #####..
 Searing Ray              Conj           ######       0%          2    None
 Sandblast                Erth           #####.       1%          1    None
 Sting                    Tmut/Pois      ####         1%          1    None
 Corpse Rot               Necr/Air       N/A          1%          2    None
 Passwall                 Tmut/Erth      #####...     1%          2    None
 Poisonous Vapours        Pois/Air       #####.       1%          2    None
 Slow                     Hex            #####...     1%          2    None
 Sublimation of Blood     Necr           #####.....   1%          2    None
 Dazzling Flash           Conj/Hex       ######       1%          3    None
 Ignite Poison            Fire/Tmut/Pois ######..     1%          3    None
 Static Discharge         Conj/Air       #######.     1%          3    None
 Airstrike                Air            #####.....   1%          4    None
 Fulminant Prism          Conj/Hex       #######...   1%          4    None
 Iskenderun's Mystic Bla  Conj/Tloc      #######.     1%          4    None
 Olgreb's Toxic Radiance  Pois           #####...     1%          4    None
 Bolt of Magma            Conj/Fire/Erth #######...   1%          5    None
 Iskenderun's Battlesphe  Conj/Chrm      #######.     1%          5    None
 Lightning Bolt           Conj/Air       #######...   1%          5    None
 Iron Shot                Conj/Erth      #######...   1%          6    None
 Spellforged Servitor     Conj/Summ      #######...   2%          7    None
 Ice Form                 Ice/Tmut       #####...     3%          4    None
 Petrify                  Tmut/Erth      #####...     3%          4    None
 Lee's Rapid Deconstruct  Erth           #####.....   3%          5    None
 Cause Fear               Hex            #####.....   4%          4    None
 Dispel Undead            Necr           #####...     4%          4    None
 Yara's Violent Unravell  Hex/Tmut       #####.....   4%          5    None
 Excruciating Wounds      Chrm/Necr      #####.....   9%          5    None
 Metabolic Englaciation   Hex/Ice        #####.....   9%          5    None
 Silence                  Hex/Air        #####.....   9%          5    None
 Agony                    Necr           #####...     11%         5    None
 Ozocubu's Refrigeration  Ice            #####.....   14%         6    None
 Simulacrum               Ice/Necr       #####.....   41%         6    None
 Discord                  Hex            #####.....   100%        8    ####...


Dungeon Overview and Level Annotations

Branches:
Dungeon (15/15)            Temple (1/1) D:5            Lair (6/6) D:9
  Swamp (4/4) Lair:4       Spider (0/4) Lair:2        Slime (0/5) Lair:6
    Orc (2/2) D:9             Elf (1/3) Orc:2        Vaults (0/5) D:14
 Depths (0/5) D:15          Sewer (visited)           IceCv (visited)

Altars:
Cheibriados
Elyvilon
Fedhas
Hepliaklqana
Nemelex Xobeh
Okawaru
Sif Muna
Vehumet
Xom
The Shining One

Shops:
D:5 [   D:12 *   D:14 :   Orc:2 [(*[:

Portals:
Trove: D:11 (give 5 potions of resistance)


Innate Abilities, Weirdness & Mutations

You have an increased reservoir of magic. (+10% MP)


Message History

The deep elf mage gestures at you while chanting.
The bolt of cold misses you.
Casting: Blink (safe; 1% risk of failure)
Confirm with . or Enter, or press ? or * to list all spells.
Aiming: Mephitic Cloud (safe; 1% risk of failure)
Press: ? - help, Shift-Dir - straight line, f - deep elf mage
Aim: a deep elf mage, wielding a +0 long sword The ball explodes into a vile cloud!
The stinking cloud engulfs the deep elf mage but does no damage.
The +3 dire flail of holy wrath hits you!
* * * LOW HITPOINT WARNING * * *
The deep elf mage is engulfed in noxious fumes.
The deep elf mage casts a spell at you. The shard of ice misses you.
Unknown command.
Casting: Mephitic Cloud (safe; 1% risk of failure)
Confirm with . or Enter, or press ? or * to list all spells.
You blink.
The +3 dire flail of holy wrath hits you!
You die...

##.)........#
###.......##
#........#
#........##### #
###.......##.## ##
##.#.##.#..#...# .#
#.............##
.####.#....)..#.>§##
.#.####......)#.@§e#
.#.###..........(°○##
.....##.##.#.)....§.#
.##.#####....[......##
.#### #.....).......#
..# ##.........#.##
.## #.........[### ##
#......∩....# #
#.∩......#..##


You could see a deep elf mage and a +3 dire flail of holy wrath.

Vanquished Creatures
  the Lernaean hydra (Swamp:4)
  Saint Roka (Orc:2)
  A tentacled monstrosity (Swamp:2)
  2 thorn hunters
  An orc warlord (Orc:2)
  A frost giant (IceCv)
  Nessos (Orc:2)
  The ghost of Mamah the Grappler, a journeyman TrMo of Fedhas (D:11)
  A great orb of eyes (D:14)
  A vault guard (D:14)
  Fannar (D:10)
  Harold (D:11)
  25 hydras
  3 shambling mangroves
  A catoblepas (D:14)
  15 alligators
  3 ogre magi
  3 centaur warriors
  12 two-headed ogres
  A satyr (shapeshifter) (D:15)
  A dancing weapon (Orc:2)
  4 tengu warriors
  4 death yaks
  An orc high priest (Orc:1)
  An iron troll (Orc:2)
  3 skeletal warriors (D:14)
  2 spriggan druids (Swamp:2)
  6 unseen horrors
  2 deep trolls
  11 swamp dragons
  2 wizards (D:14)
  An oklob plant (Lair:3)
  12 ugly things
  8 deep elf magi
  4 manticores
  An orc sorcerer (Orc:1)
  10 cyclopes
  25 elephants
  Maurice (D:8)
  An ice statue (IceCv)
  2 black mambas
  5 centaur zombies
  2 gargoyles
  3 efreet (D:15)
  5 rime drakes
  26 spiny frogs
  6 komodo dragons
  A freezing wraith (D:14)
  2 ice devils (D:11)
  A tengu conjurer (D:14)
  21 trolls
  17 polar bears
  8 tyrant leeches
  A wind drake (shapeshifter) (D:14)
  Prince Ribbit (D:9)
  8 slime creatures
  37 blink frogs
  14 hornets
  13 bog bodies
  4 dream sheep (Lair:4)
  7 hippogriffs
  A centaur simulacrum (D:14)
  5 wyverns
  88 yaks
  9 spriggans
  A tarantella (Lair:2)
  A shadow (Swamp:2)
  21 humans (D:14)
  6 basilisks
  A tarantella (shapeshifter) (D:14)
  Eustachio (D:6)
  A neqoxec (D:11)
  23 vampire mosquitoes
  22 swamp worms
  Edmund (D:6)
  3 hungry ghosts
  3 acid dragons
  5 wargs
  14 insubstantial wisps (Swamp:3)
  15 water moccasins
  16 swamp drakes
  13 porcupines
  30 orc warriors
  4 sky beasts
  4 black bears
  7 ice beasts
  Purgy (Sewer)
  A necrophage (D:13)
  A phantom (D:7)
  27 wolves
  27 ogres
  6 centaurs
  16 crocodiles
  3 big kobolds
  27 bullfrogs
  An earth elemental (D:12)
  A wyvern skeleton (D:9)
  2 scorpions (D:9)
  2 water moccasin skeletons (D:4)
  7 killer bees
  7 wights
  An electric eel (Lair:6)
  2 howler monkeys
  5 crimson imps
  4 hounds
  3 quasits
  Crazy Yiuf (D:6)
  A bullfrog zombie (D:10)
  10 centaur skeletons
  8 jellies
  A bullfrog skeleton (D:13)
  26 orc wizards
  12 orc priests
  Ijyb (D:4)
  3 iguanas
  8 worker ants
  A killer bee zombie (D:8)
  A hound skeleton (D:6)
  2 hound zombies
  4 gnolls (D:2)
  15 adders
  3 shadow imps
  2 oozes
  3 worms (D:4)
  An adder zombie (D:8)
  2 dart slugs (D:1)
  6 leopard geckos
  95 orcs
  2 ball pythons
  7 giant cockroaches
  11 goblins
  9 hobgoblins
  6 jackals
  30 kobolds
  8 quokkas
  13 bats
  5 frilled lizards
  A jackal skeleton (D:7)
  8 rats
  4 bushes
  8 fungi
  9 plants
1126 creatures vanquished.

Vanquished Creatures (collateral kills)
  An orc warrior (D:11)
  A quasit (D:11)
  2 orcs (D:11)
4 creatures vanquished.

Vanquished Creatures (others)
  A wolf (IceCv)
  An orc (Orc:1)
  A bush (Lair:4)
  46 fungi
  40 plants
89 creatures vanquished.

Grand Total: 1219 creatures vanquished

Notes
Turn   | Place    | Note
-------+----------+-------------------------------------------
     0 | D:1      | pokeman the Deep Elf Wizard began the quest for the Orb.
     0 | D:1      | Reached XP level 1. HP: 10/10 MP: 7/7
   188 | D:1      | Reached XP level 2. HP: 16/16 MP: 5/9
   604 | D:1      | Reached skill level 5 in Spellcasting
   732 | D:1      | Reached XP level 3. HP: 20/20 MP: 5/11
   781 | D:1      | Learned a level 3 spell: Mephitic Cloud
   784 | D:1      | Learned a level 2 spell: Call Imp
   787 | D:1      | Learned a level 2 spell: Blink
   791 | D:1      | Learned a level 3 spell: Conjure Flame
  1597 | D:2      | Reached skill level 1 in Fighting
  1597 | D:2      | Reached skill level 1 in Armour
  1845 | D:2      | Reached XP level 4. HP: 25/25 MP: 9/13
  2356 | D:2      | Reached skill level 1 in Fire Magic
  2413 | D:2      | Reached XP level 5. HP: 29/29 MP: 0/15
  2844 | D:3      | Found a sparkling altar of Nemelex Xobeh.
  2850 | D:3      | Found a transporter.
  2851 | D:3      | Found a snail-covered altar of Cheibriados.
  2889 | D:3      | Reached skill level 1 in Air Magic
  3014 | D:3      | Reached skill level 6 in Spellcasting
  3064 | D:3      | Noticed an ogre
  3403 | D:3      | Killed an ogre
  3403 | D:3      | Reached skill level 1 in Poison Magic
  3403 | D:3      | Reached XP level 6. HP: 34/34 MP: 1/17
  3542 | D:3      | Found a transporter.
  3847 | D:4      | Noticed Ijyb
  3870 | D:4      | Killed Ijyb
  3893 | D:4      | Found a glowing drain.
  3907 | Sewer    | Entered a sewer
  3991 | Sewer    | Noticed Purgy
  4024 | Sewer    | Killed Purgy
  4521 | D:4      | Reached skill level 7 in Spellcasting
  4521 | D:4      | Reached XP level 7. HP: 39/39 MP: 11/19
  5475 | D:5      | Entered Level 5 of the Dungeon
  5479 | D:5      | Found a radiant altar of Vehumet.
  5485 | D:5      | Became a worshipper of Vehumet
  5487 | D:5      | Found a hazy altar of Hepliaklqana.
  5506 | D:5      | Reached skill level 5 in Conjurations
  5787 | D:5      | Reached skill level 8 in Spellcasting
  5870 | D:5      | Found a staircase to the Ecumenical Temple.
  6067 | D:5      | Found a glowing golden altar of the Shining One.
  6225 | D:5      | Found Nutagg's Antique Armour Shop.
  6235 | D:5      | Reached XP level 8. HP: 41/44 MP: 15/22
  6607 | D:6      | Reached skill level 1 in Evocations
  7264 | D:6      | Reached * piety under Vehumet
  7264 | D:6      | Offered knowledge of Shock by Vehumet.
  7269 | D:6      | Learned a level 1 spell: Shock
  7318 | D:6      | Reached skill level 9 in Spellcasting
  7473 | D:6      | Noticed Eustachio
  7513 | D:6      | Killed Eustachio
  7833 | D:6      | Noticed Edmund
  7848 | D:6      | Killed Edmund
  7909 | D:6      | Reached XP level 9. HP: 35/48 MP: 15/24
  8039 | D:6      | Found a runed translucent door.
  8040 | D:6      | Noticed Crazy Yiuf
  8049 | D:6      | Killed Crazy Yiuf
  8546 | D:7      | Reached skill level 10 in Spellcasting
  8832 | D:7      | Reached ** piety under Vehumet
  8832 | D:7      | Offered knowledge of Sandblast by Vehumet.
  9714 | D:7      | Reached skill level 5 in Fire Magic
 10012 | D:8      | Found a shimmering altar of Xom.
 10089 | D:8      | Noticed Maurice
 10107 | D:8      | Killed Maurice
 10107 | D:8      | Reached skill level 11 in Spellcasting
 10608 | D:8      | Reached XP level 10. HP: 44/56 MP: 19/27
 10786 | D:9      | Offered knowledge of Searing Ray by Vehumet.
 10908 | D:9      | Found a staircase to the Lair.
 10924 | D:9      | Reached skill level 12 in Spellcasting
 11050 | D:9      | Reached *** piety under Vehumet
 11284 | D:9      | Offered knowledge of Stone Arrow by Vehumet.
 11301 | D:9      | Reached skill level 10 in Conjurations
 11537 | D:9      | Found a staircase to the Orcish Mines.
 11610 | D:9      | Noticed Prince Ribbit
 11623 | D:9      | Killed Prince Ribbit
 12051 | D:9      | Reached **** piety under Vehumet
 12220 | D:9      | Learned a level 3 spell: Stone Arrow
 12221 | D:10     | Entered Level 10 of the Dungeon
 12240 | D:10     | Offered knowledge of Yara's Violent Unravelling by Vehumet.
 12541 | D:10     | Noticed a two-headed ogre
 12562 | D:10     | Killed a two-headed ogre
 12562 | D:10     | Reached skill level 13 in Spellcasting
 12562 | D:10     | Reached XP level 11. HP: 61/61 MP: 12/30
 13327 | D:10     | Noticed Fannar
 13346 | D:10     | Killed Fannar
 13805 | D:11     | Found a frozen archway.
 13935 | IceCv    | Entered an ice cave
 14285 | IceCv    | Reached skill level 14 in Spellcasting
 14664 | IceCv    | Reached skill level 5 in Fighting
 15032 | IceCv    | Noticed a death yak
 15046 | IceCv    | Killed a death yak
 15046 | IceCv    | Reached skill level 1 in Earth Magic
 15046 | IceCv    | Reached XP level 12. HP: 68/68 MP: 15/32
 15242 | IceCv    | Noticed a frost giant
 15274 | IceCv    | Killed a frost giant
 15274 | IceCv    | Reached ***** piety under Vehumet
 15274 | IceCv    | Reached skill level 15 in Spellcasting
 15371 | IceCv    | Offered knowledge of Conjure Ball Lightning by Vehumet.
 15779 | IceCv    | Got a fine shortbow
 15791 | IceCv    | Learned a level 6 spell: Freezing Cloud
 16215 | D:11     | Found a blossoming altar of Fedhas.
 16462 | D:11     | Noticed Mamah's ghost (journeyman TrMo)
 16463 | D:11     | Found a transporter.
 16518 | D:11     | Reached skill level 1 in Ice Magic
 16618 | D:11     | Noticed Harold
 16625 | D:11     | Killed Harold
 16944 | D:11     | Found a portal to a secret trove of treasure.
 17090 | D:11     | Found a transporter.
 17188 | D:11     | Reached skill level 5 in Armour
 17386 | D:12     | Noticed a two-headed ogre
 17391 | D:12     | Killed a two-headed ogre
 17686 | D:12     | Found Dasa Quz's Pet Rocks.
 17818 | D:12     | Reached skill level 16 in Spellcasting
 18583 | D:13     | Reached XP level 13. HP: 67/73 MP: 35/35
 18748 | D:13     | Offered knowledge of Spellforged Servitor by Vehumet.
 19096 | D:13     | Found an iron altar of Okawaru.
 19432 | D:14     | Found Lexkusul's Book Emporium.
 19727 | D:14     | Reached skill level 10 in Fire Magic
 19782 | D:14     | Identified the +9 shortbow of Chance {flame, rElec Str+4
                  | Int+7 Stlth-} (You found it in an ice cave)
 19961 | Temple   | Entered the Ecumenical Temple
 20652 | D:14     | Reached skill level 17 in Spellcasting
 21880 | D:14     | Identified the +5 fire dragon scales of Qellidiph {rF++ rC-
                  | Dex+2}
 22369 | D:14     | Found the +10 tower shield of Ignorance {rN+ Int-4}
 22588 | D:14     | Reached XP level 14. HP: 27/80 MP: 24/37
 22907 | D:14     | Reached skill level 15 in Conjurations
 22922 | D:14     | Reached skill level 18 in Spellcasting
 23019 | D:14     | Found a gate to the Vaults.
 23028 | D:14     | Learned a level 2 spell: Swiftness
 23097 | D:14     | Offered knowledge of Iron Shot by Vehumet.
 23097 | D:14     | Reached skill level 1 in Shields
 23097 | D:14     | Reached skill level 1 in Charms
 23305 | D:15     | Entered Level 15 of the Dungeon
 23359 | D:15     | Gained mutation: You have an increased reservoir of magic.
                  | (+10% MP) [a shining eye]
 23843 | D:15     | Noticed an emperor scorpion
 23843 | D:15     | a minotaur changed into an emperor scorpion
 24336 | D:15     | Found a white marble altar of Elyvilon.
 24362 | D:15     | Noticed an emperor scorpion
 24362 | D:15     | a dire elephant changed into an emperor scorpion
 24363 | D:15     | an emperor scorpion changed into something unseen
 24551 | D:15     | Found a staircase to the Depths.
 24769 | D:15     | Learned a level 7 spell: Orb of Destruction
 25278 | D:11     | Killed Mamah's ghost
 25456 | Lair:1   | Entered Level 1 of the Lair of Beasts
 25510 | Lair:1   | Offered knowledge of Fireball by Vehumet.
 25517 | Lair:1   | Learned a level 5 spell: Fireball
 25596 | Lair:1   | Found a shimmering blue altar of Sif Muna.
 26468 | Lair:2   | Found a hole to the Spider Nest.
 26532 | Lair:2   | Reached skill level 19 in Spellcasting
 26987 | Lair:2   | Reached XP level 15. HP: 55/84 MP: 29/43
 28612 | Lair:4   | Found a staircase to the Swamp.
 29069 | Lair:4   | Offered knowledge of Starburst by Vehumet.
 29080 | Lair:4   | Learned a level 6 spell: Starburst
 31633 | Lair:6   | Entered Level 6 of the Lair of Beasts
 31730 | Lair:6   | Offered knowledge of Irradiate by Vehumet.
 31732 | Lair:6   | Reached skill level 20 in Spellcasting
 32610 | Lair:6   | Reached skill level 5 in Shields
 33180 | Lair:6   | Reached ****** piety under Vehumet
 33309 | Lair:6   | Reached XP level 16. HP: 88/88 MP: 31/46
 33312 | Lair:6   | Offered knowledge of Ignition by Vehumet.
 33895 | Lair:6   | Found a staircase to the Slime Pits.
 34179 | Lair:6   | Got a faintly glowing wooden ring
 34182 | Lair:6   | Identified the ring "Hicuxasa" {Ice Dex+2} (You found it on
                  | level 6 of the Lair of Beasts)
 34808 | Temple   | Identified a scroll of acquirement
 34818 | Temple   | Acquired 3520 gold pieces
 34949 | Orc:1    | Entered Level 1 of the Orcish Mines
 35881 | Orc:2    | Entered Level 2 of the Orcish Mines
 35908 | Orc:2    | Noticed Nessos
 35908 | Orc:2    | Noticed Saint Roka
 36035 | Orc:2    | Offered knowledge of Fire Storm by Vehumet.
 36035 | Orc:2    | Offered knowledge of Shatter by Vehumet.
 36035 | Orc:2    | Offered knowledge of Absolute Zero by Vehumet.
 36046 | Orc:2    | Learned a level 9 spell: Fire Storm
 36061 | Orc:2    | Killed Saint Roka
 36064 | Orc:2    | Killed Nessos
 36365 | Orc:2    | Reached skill level 21 in Spellcasting
 37352 | Orc:2    | Found Pon Gaav's Armour Shop.
 37471 | Orc:2    | Found a staircase to the Elven Halls.
 37665 | Orc:2    | Found Ugaedoom's Armour Emporium.
 37666 | Orc:2    | Found Alaeroul's Weapon Emporium.
 37702 | Orc:2    | Found Giyck's Book Boutique.
 37710 | Orc:2    | Found Biwyrah's Assorted Antiques.
 37719 | Orc:2    | Bought a golden potion for 20 gold pieces
 37900 | Elf:1    | Entered Level 1 of the Elven Halls
 38065 | Swamp:1  | Entered Level 1 of the Swamp
 39250 | Swamp:2  | Reached XP level 17. HP: 77/95 MP: 29/48
 39564 | Swamp:2  | Noticed a tentacled monstrosity
 39585 | Swamp:2  | Killed a tentacled monstrosity
 40645 | Swamp:3  | Reached skill level 22 in Spellcasting
 41943 | Swamp:4  | Entered Level 4 of the Swamp
 43470 | Swamp:4  | Noticed the 27-headed Lernaean hydra
 43475 | Swamp:4  | Killed the 27-headed Lernaean hydra
 43503 | Swamp:4  | Got a decaying rune of Zot
 44498 | Orc:2    | Slain by a +3 dire flail of holy wrath

Illustrated notes

Levels and vault maps discovered:
D:1:      zaba_arrival_water, layout_loops_ring, serial_forest,
          infiniplex_forest_straight_4, infiniplex_forest_lined_1,
          infiniplex_forest_straight_2, infiniplex_forest_end_2,
          infiniplex_forest_clump_tiny, infiniplex_forest_corner_2,
          infiniplex_forest_straight_4, infiniplex_forest_corner_2
D:2:      layout_loops_ring, hangedman_abyss_or_decor_stabs, minmay_octomino_j4
D:3:      layout_rooms, nemelex_xobeh_ov_fountains_minmay,
          gammafunk_temple_overflow_arena
D:4:      layout_basic, first_ration, cheibrodos_sewer_entry_drain,
          minmay_statues_item, uniq_ijyb
D:5:      layout_basic, lemuel_crystal_altar,
          chequers_temple_overflow_statue_of_worship,
          minmay_temple_entry_slanted, kennysheep_small_circle
D:6:      layout_basic, uniq_crazy_yiuf_cottage, uniq_eustachio, uniq_edmund
D:7:      layout_gridville, minivault_11, the_bakery, fountainhead
D:8:      layout_basic, xom_teletrap_fun, uniq_maurice
D:9:      layout_loops_ring, grunt_lair_entry_orc_guard_hut, hiddenorc2_lemuel,
          uniq_prince_ribbit1
D:10:     layout_cave_pods, uniq_fannar
D:11:     layout_stronghold, nicolae_trove_entry_diagonal,
          portal_ice_cave_demonic_guard, gammafunk_ghost_stat_death,
          fedhas_altar_3, uniq_harold
D:12:     layout_rooms, guppyfry_shop_earth
D:13:     layout_rooms, hangedman_abyss_or_decor_lesser_grid,
          okawaru_ov_weapons_minmay
D:14:     minmay_the_grid_octo_2x2 [minmay_the_grid_octo_tetromino_candy,
          minmay_the_grid_octo_thin_diamonds,
          minmay_the_grid_octo_checkerflower,
          minmay_the_grid_octo_prize_square_snowflake], layout_rooms,
          grunt_vaults_entry_tiered, serial_shops, shop, roderic_serpentine_path
D:15:     hangedman_depths_entry_civil_slaughter, layout_cave_pools,
          elyvilon_altar_4
Temple:   eino_temple_scatter_basement
Lair:1:   layout_gridlike, basic_altar, grunt_megastairs_3
Lair:2:   layout_gridlike, spider_nest_entry_rubble
Lair:3:   layout_regular_city, grunt_megastairs_5
Lair:4:   layout_layer_cave, minmay_swamp_entry_reptiles
Lair:5:   layout_cave_pods, minivault_19
Lair:6:   minmay_lair_end_frog_pond, layout_loops_ring, dpeg_slime_entry_corner
Swamp:1:  layout_falls_marsh, nicolae_swamp_treefoil
Swamp:2:  layout_basic_swamp, evilmike_swamp_ruin_house_2
Swamp:3:  layout_falls_marsh, evilmike_swamp_ruin_house_3
Swamp:4:  grunt_swamp_rune_castle, layout_basic_swamp, swamp_pool1,
          nicolae_swamp_dragon_and_kin
Orc:1:    layout_caves
Orc:2:    st_orc_open, layout_diamond_mine, serial_shops, shop, uniq_nessos,
          uniq_saint_roka
Elf:1:    minmay_elf_arrival_plus, layout_rooms, kennysheep_underground_church

Skill      XL: |  1  2  3  4  5  6  7  8  9 10 11 12 13 14 15 16 17 |
---------------+----------------------------------------------------+-----
Spellcasting   | 5 6 7 8 9 11 13 14 16 17 19 20 21 22 | 22.6
Fighting       | 1 2 3 4 5 6 7 |  7.0
Armour         | 1 3 4 5 6 |  6.8
Conjurations   | 2 3 4 5 7 8 10 12 13 14 16 17 18 19 | 19.3
Fire Magic     | 1 3 4 5 7 8 9 10 11 12 13 14 | 14.1
Dodging        | 3 |  3.0
Stealth        | 3 |  3.0
Air Magic      | 1 |  1.1
Poison Magic   | 1 |  1.0
Evocations     | 1 |  1.0
Earth Magic    | 1 |  1.3
Ice Magic      | 1 |  1.1
Shields        | 3 5 6 |  6.0
Charms         | 1 |  1.1
Summonings     | |  1.1
Translocations | |  1.1

Action                   |  1- 3 |  4- 6 |  7- 9 | 10-12 | 13-15 | 16-18 || total
-------------------------+-------+-------+-------+-------+-------+-------++-------
Melee: Unarmed           |    10 |       |       |       |       |       ||    10
       Hand axe          |       |    17 |    26 |       |       |       ||    43
       Short sword       |       |       |    12 |   226 |    28 |       ||   266
       Katana            |       |       |       |       |    83 |    11 ||    94
 Cast: Magic Dart        |    93 |   144 |   261 |    78 |     4 |       ||   580
       Mephitic Cloud    |       |     6 |    22 |    55 |    43 |     5 ||   131
       Conjure Flame     |       |     6 |    14 |    57 |    27 |       ||   104
       Blink             |       |     3 |    18 |     3 |    15 |    13 ||    52
       Call Imp          |       |     2 |       |     4 |     4 |     1 ||    11
       Shock             |       |       |   110 |   156 |    20 |     6 ||   292
       Stone Arrow       |       |       |       |   159 |   267 |    38 ||   464
       Freezing Cloud    |       |       |       |       |    60 |     4 ||    64
       Fireball          |       |       |       |       |   251 |   434 ||   685
       Orb of Destructio |       |       |       |       |    12 |    28 ||    40
       Starburst         |       |       |       |       |     1 |       ||     1
Evoke: Wand              |       |       |       |     1 |     3 |       ||     4
  Use: Scroll            |       |       |    10 |     8 |     4 |    11 ||    33
       Potion            |       |       |       |     3 |       |       ||     3
 Stab: Confused          |       |     1 |     4 |    22 |     1 |     2 ||    30
  Eat: Chunk             |     3 |     8 |    17 |    25 |    43 |    23 ||   119
       Ration            |       |       |       |       |     2 |     3 ||     5
Armor: Robe              |     3 |       |       |       |       |       ||     3
       Leather armour    |     1 |    12 |    32 |    22 |       |       ||    67
       Troll leather arm |       |       |       |    84 |   137 |    21 ||   242
Dodge: Dodged            |    11 |    40 |    55 |   172 |   165 |    29 ||   472
Block: Other             |       |       |    22 |    51 |    11 |     5 ||    89
       Reflection        |       |       |     3 |     1 |     1 |     4 ||     9
       Buckler           |       |       |       |       |       |    12 ||    12
       Rpst.: Katana     |       |       |       |       |    27 |     5 ||    32
